 Dungeon Crawl Stone Soup version 0.31-a0-1388-g4b2ba238e7 (webtiles) character file.

Game seed: 14500810379371698188

669297 Esekla the Sorcerer (level 27, -2/150 HPs)
             Began as an Octopode Delver on June 6, 2023.
             Was an Initiate of Gozag.
             Slain by Zaob Cio the pandemonium lord (31 damage)
             ... on level 4 of a ziggurat on Dec 25, 2023.
             The game lasted 13:19:45 (74122 turns).

Esekla the Sorcerer (Octopode Delver)              Turns: 74122, Time: 13:19:46

Health: -2/150     AC: 30    Str: 20    XL:     27
Magic:  55/62      EV: 27    Int: 38    God:    Gozag
Gold:   637        SH: 16    Dex: 18    Spells: 4/78 levels left

rFire   + + +        g - +2 long sword (protect)
rCold   + + +        v - +2 shield of Resistance {rF++ rC++ Will++}
rNeg    . . .        H - +1 hat "Ummyse" {+Blink rF+}
rPois   +            R - amulet of the Raven {RegenMP rC+ Regen+}
rElec   +            m - +6 ring of intelligence
rCorr   .            C - ring of Veciac Aneri {rF+ rC+ Int+6}
SInv    .            j - ring of Sikkaun {rPois rC- Str+6 Int+4 Slay+5}
Will    +++++        Z - +4 ring of protection
Stlth   +++++        o - ring "Wairghon" {rC+ Will+ AC+4 Slay+2}
HPRegen 1.25/turn    W - ring "Ocsecos" {rElec rPois MP+9 Dex+3 Stlth-}
MPRegen 0.78/turn    Y - +4 ring of slaying
                     X - ring of the Octopus King {rC+ HP+2 AC+2 EV+2 SH+2}

%: random rage (3%)
@: brilliant, ice-armoured, under a protective aura, hasted, studying 2 skills,
very quick
A: almost no armour, amphibious, 8 rings, camouflage 1, gelatinous body 1,
(nimble swimmer 1), tentacles, berserk 1, frail 2, strong-willed 1, evolution 1,
no potion heal 1, cold vulnerability 1, subdued magic 1
}: 4/15 runes: decaying, slimy, silver, gossamer
a: Renounce Religion, Evoke Blink, Potion Petition, Call Merchant, Bribe Branch


You were on level 4 of a ziggurat.
You worshipped Gozag.
Gozag was pleased with you.
You visited 13 branches of the dungeon, and saw 57 of its levels.
You visited 1 ziggurat, and saw 4 of its levels.
You also visited: Ice Cave.

You collected 38010 gold pieces.
You spent 11463 gold pieces at shops.
You paid 25910 gold pieces to Gozag.

Inventory:

Hand Weapons
 a - a +9 falchion of flaming
 e - a +2 dagger of electrocution
 g - a +2 long sword of protection (weapon)
 r - a +4 spear of venom
 w - a +4 long sword of holy wrath
 x - a +7 vampiric long sword
 z - a +3 scimitar of freezing
Missiles
 c - 6 silver javelins
 l - 13 curare-tipped darts
 p - 58 poisoned darts (quivered)
 N - 6 boomerangs
Armour
 v - the +2 shield of Resistance (worn) {rF++ rC++ Will++}
   (You found it on level 3 of a ziggurat)

   rF++:      It greatly protects you from fire.
   rC++:      It greatly protects you from cold.
   Will++:    It greatly increases your willpower.
 H - the +1 hat "Ummyse" (worn) {+Blink rF+}
   (You acquired it on level 1 of the Depths)

   rF+:       It protects you from fire.
   +Blink:    It lets you blink.
 P - the +2 buckler of Cheibriados, Nurturing {rElec Regen+ Str+3}
   (You found it on level 2 of the Depths)

   Str+3:     It affects your strength (+3).
   rElec:     It insulates you from electricity.
   Regen+:    It increases your rate of health regeneration.
Jewellery
 j - the ring of Sikkaun (on tentacle) {rPois rC- Str+6 Int+4 Slay+5}
   (You bought it in a shop on level 15 of the Dungeon)

   [ring of strength]

   Str+6:     It affects your strength (+6).
   Int+4:     It affects your intelligence (+4).
   Slay+5:    It affects your accuracy & damage with ranged weapons and melee
   (+5).
   rC-:       It makes you vulnerable to cold.
   rPois:     It protects you from poison
 m - a +6 ring of intelligence (left tentacle)
 o - the ring "Wairghon" (on tentacle) {rC+ Will+ AC+4 Slay+2}
   (You found it on level 5 of the Vaults)

   [ring of protection]

   AC+4:      It affects your AC (+4).
   Slay+2:    It affects your accuracy & damage with ranged weapons and melee
   (+2).
   rC+:       It protects you from cold.
   Will+:     It increases your willpower.
 C - the ring of Veciac Aneri (right tentacle) {rF+ rC+ Int+6}
   (You bought it in a shop on level 8 of the Dungeon)

   [ring of intelligence]

   Int+6:     It affects your intelligence (+6).
   rF+:       It protects you from fire.
   rC+:       It protects you from cold.
 L - a ring of wizardry
 O - a ring of see invisible
 Q - the ring "Basoicunk" {rF+ rC- rN+ Dex+9}
   (You bought it in a shop on level 12 of the Dungeon)

   [ring of protection from fire]

   Dex+9:     It affects your dexterity (+9).
   rF+:       It protects you from fire.
   rC-:       It makes you vulnerable to cold.
   rN+:       It protects you from negative energy.
 R - an amulet of the Raven (around mantle) {RegenMP rC+ Regen+}
   (You bought it in a shop on level 1 of the Orcish Mines)

   [amulet of magic regeneration]

   RegenMP:   It increases your rate of magic regeneration.
   rC+:       It protects you from cold.
   Regen+:    It increases your rate of health regeneration.
 W - the ring "Ocsecos" (on tentacle) {rElec rPois MP+9 Dex+3 Stlth-}
   (You bought it in a shop on level 2 of the Orcish Mines)

   [ring of poison resistance]

   Dex+3:     It affects your dexterity (+3).
   rElec:     It insulates you from electricity.
   rPois:     It protects you from poison MP+9: It affects your magic capacity
   (+9).
   Stlth-:    It makes you less stealthy.
 X - a ring of the Octopus King (on tentacle) {rC+ HP+2 AC+2 EV+2 SH+2}
   (You bought it in a shop on level 8 of the Dungeon)

   [ring of protection from cold]

   AC+2:      It affects your AC (+2).
   EV+2:      It affects your evasion (+2).
   rC+:       It protects you from cold.
   HP+2:      It affects your health (+2).
   SH+2:      It affects your SH (+2).
 Y - a +4 ring of slaying (on tentacle)
 Z - a +4 ring of protection (on tentacle)
Wands
 f - a wand of digging (21)
 u - a wand of iceblast (51)
 y - a wand of quicksilver (25)
 A - a wand of flame (157)
 J - a wand of mindburst (19)
Scrolls
 b - 11 scrolls of fog
 h - 4 scrolls of silence
 k - 15 scrolls of teleportation
 n - 10 scrolls of blinking
 q - 3 scrolls of amnesia
 t - a scroll of torment
 E - 7 scrolls of poison
 F - 15 scrolls of fear
Potions
 d - 13 potions of heal wounds
 i - 7 potions of might
 s - 7 potions of ambrosia
 B - 6 potions of resistance
 D - 2 potions of berserk rage
 G - 4 potions of haste
 I - 3 potions of magic
 K - 5 potions of brilliance
 S - 3 potions of invisibility
 T - 20 potions of curing


   Skills:
 + Level 14.7 Fighting
 + Level 3.0(9.9) Short Blades
 - Level 14.5(14.6) Long Blades
 + Level 3.7 Throwing
 + Level 20.2 Dodging
 - Level 10.0 Stealth
 - Level 10.3 Shields
 * Level 26.0 Spellcasting
 * Level 6.7 Conjurations
 - Level 4.3 Summonings
 + Level 11.4 Necromancy
 + Level 6.3 Translocations
 * Level 10.5 Fire Magic
 + Level 12.6 Ice Magic
 + Level 15.4 Air Magic
 - Level 15.1 Earth Magic
 + Level 19.6 Alchemy
 + Level 1.0 Evocations
 + Level 10.2 Shapeshifting


You had 4 spell levels left.
You knew the following spells:

 Your Spells              Type           Power      Damage    Failure   Level
a - Ozocubu's Armour      Ice            100%       N/A       0%          3
b - Blink                 Tloc           100%       N/A       1%          2
c - Mephitic Cloud        Conj/Alch/Air  100%       N/A       0%          3
d - Vampiric Draining     Necr           100%       2d13      0%          3
f - Ignition              Fire           49%        3d14      50%         8
g - Ozocubu's Refrigerat  Ice            53%        4d19      2%          7
h - Vhi's Electric Charg  Tloc/Air       100%       N/A       1%          4
k - Airstrike             Air            56%        2d(9-25)  0%          4
l - Iskenderun's Mystic   Conj/Tloc      85%        2d17      1%          4
m - Maxwell's Capacitive  Air            56%        ∞         7%          8
n - Ignite Poison         Fire/Alch      100%       N/A       0%          4
o - Scorch                Fire           100%       2d9       0%          2
p - Apportation           Tloc           100%       N/A       1%          1
s - Summon Lightning Spi  Summ/Air       97%        N/A       1%          4
u - Dispel Undead         Necr           100%       3d31      1%          4
v - Mercury Vapours       Alch/Air       100%       N/A       0%          2
w - Fugue of the Fallen   Necr           100%       N/A       0%          3
x - Olgreb's Toxic Radia  Alch           100%       N/A       0%          4
y - Sticky Flame          Fire/Alch      100%       2d15      0%          4

Your spell library contained the following spells:

 Spells                   Type           Power      Damage    Failure   Level
 Kiss of Death            Conj/Necr      100%       2d13      0%          1
 Necrotise                Necr           100%       1d9       0%          1
 Shock                    Conj/Air       100%       1d9       0%          1
 Cigotuvi's Dreadful Rot  Necr/Alch/Air  100%       N/A       0%          2
 Passwall                 Alch/Erth      98%        N/A       0%          2
 Static Discharge         Conj/Air       100%       3-8/arc   0%          2
 Sublimation of Blood     Necr           100%       N/A       0%          2
 Stone Arrow              Conj/Erth      100%       3d13      0%          3
 Swiftness                Air            100%       N/A       0%          3
 Fulminant Prism          Conj/Alch      53%        3d22      0%          4
 Leda's Liquefaction      Alch/Erth      59%        N/A       0%          4
 Petrify                  Alch/Erth      100%       N/A       0%          4
 Magic Dart               Conj           100%       1d8       1%          1
 Slow                     Hex            100%       N/A       1%          1
 Summon Small Mammal      Summ           100%       N/A       1%          1
 Call Imp                 Summ           100%       N/A       1%          2
 Ensorcelled Hibernation  Hex/Ice        100%       N/A       1%          2
 Lesser Beckoning         Tloc           100%       N/A       1%          2
 Searing Ray              Conj           100%       2d8       1%          2
 Call Canine Familiar     Summ           76%        N/A       1%          3
 Confusing Touch          Hex            54%        N/A       1%          3
 Dazzling Flash           Conj/Hex       100%       N/A       1%          3
 Gell's Gravitas          Tloc           85%        N/A       1%          3
 Hailstorm                Conj/Ice       96%        3d15      1%          3
 Inner Flame              Hex/Fire       80%        N/A       1%          3
 Portal Projectile        Hex/Tloc       100%       N/A       1%          3
 Sigil of Binding         Hex            54%        N/A       1%          3
 Teleport Other           Tloc           85%        N/A       1%          3
 Volatile Blastmotes      Fire/Tloc      100%       2d18      1%          3
 Anguish                  Hex/Necr       41%        N/A       1%          4
 Brom's Barrelling Bould  Conj/Erth      100%       2d11      1%          4
 Dimensional Bullseye     Hex/Tloc       35%        N/A       1%          4
 Flame Wave               Conj/Fire      93%        2d20      1%          4
 Manifold Assault         Tloc           85%        N/A       1%          4
 Passage of Golubria      Tloc           85%        N/A       1%          4
 Summon Ice Beast         Ice/Summ       92%        N/A       1%          4
 Cause Fear               Hex            27%        N/A       5%          4
 Agony                    Necr           100%       N/A       1%          5
 Arcjolt                  Conj/Air       50%        1d60      1%          5
 Borgnjor's Vile Clutch   Necr/Erth      54%        N/A       1%          5
 Fireball                 Conj/Fire      46%        3d18      1%          5
 Iskenderun's Battlesphe  Conj           86%        2d13      1%          5
 Metabolic Englaciation   Hex/Ice        42%        N/A       1%          5
 Silence                  Hex/Air        45%        N/A       1%          5
 Summon Forest            Summ/Tloc      40%        N/A       1%          5
 Yara's Violent Unravell  Hex/Alch       48%        3d19      1%          5
 Conjure Ball Lightning   Conj/Air       50%        3x3d17    1%          6
 Death Channel            Necr           51%        N/A       1%          6
 Eringya's Noxious Bog    Alch           61%        4d6       1%          6
 Plasma Beam              Fire/Air       53%        2x1d68    1%          6
 Starburst                Conj/Fire      46%        6d13      2%          6
 Summon Mana Viper        Hex/Summ       66%        N/A       7%          5
 Dispersal                Tloc           42%        N/A       7%          6
 Summon Cactus Giant      Summ           38%        N/A       16%         6
 Haunt                    Necr/Summ      45%        N/A       21%         7
 Orb of Destruction       Conj           43%        9d12      32%         7
 Borgnjor's Revivificati  Necr           51%        N/A       36%         8
 Infestation              Necr           51%        N/A       36%         8
 Lehudib's Crystal Spear  Conj/Erth      50%        10d12     45%         8
 Summon Hydra             Summ           38%        N/A       67%         7
 Shatter                  Erth           56%        3d42*     80%         9
 Disjunction              Tloc           42%        N/A       97%         8
 Polar Vortex             Ice            53%        12d7*     98%         9
 Enfeeble                 Hex            27%        N/A       99%         7
 Death's Door             Necr           51%        N/A       99%         9
 Chain Lightning          Conj/Air       50%        3d67      100%        9
 Fire Storm               Conj/Fire      46%        8d12      100%        9
 Animate Armour           Summ/Erth      Unusable   N/A       N/A         4
 Animate Dead             Necr           Unusable   N/A       N/A         4
 Simulacrum               Ice/Necr       Unusable   N/A       N/A         6

Dungeon Overview and Level Annotations

Branches:
Dungeon (15/15)            Temple (1/1) D:5            Lair (5/5) D:8
  Swamp (4/4) Lair:2       Spider (4/4) Lair:3        Slime (5/5) Lair:4
    Orc (2/2) D:10            Elf (3/3) Orc:2        Vaults (5/5) D:14
  Crypt (3/3) Vaults:3       Tomb (0/3) Crypt:3      Depths (4/4) D:15
   Hell (visited)             Dis (0/7) Hell            Geh (0/7) Hell
    Coc (0/7) Hell            Tar (0/7) Hell            Zot (5/5) Depths:4
  IceCv (visited)

Altars:
Ashenzari
Dithmenos
Elyvilon
Fedhas
Gozag
Kikubaaqudgha
Nemelex Xobeh
Okawaru
Qazlal
Sif Muna
Uskayaw
Vehumet
Xom
Zin
The Shining One
Jiyva

Shops:
D:5 :   D:7 **   D:8 =:(((   D:9 ?   D:10 =   D:12 *=*[*   D:15 (*:=(=(
Orc:1 !=[*   Orc:2 :(=[   Elf:3 :   Vaults:2 =   Vaults:4 (   Zot:3 :
Depths:1 :(?   Depths:2 :   Depths:4 *:=

Portals:
Hell: Depths:1 Depths:2 Depths:3 Depths:4
Abyss: Depths:3
Pandemonium: Depths:2

Annotations:
D:4 3 runed translucent doors, DonkyDonker's ghost, amateur TrFi; abessonov's ghost, amateur FoFi; bchevrier's ghost, amateur GnWn
D:6 3 runed translucent doors, loir's ghost, novice MfGl
D:11 1 runed translucent door, Valamore's ghost, journeyman MiWr
Lair:1 2 runed translucent doors, MrSquiggles's ghost, journeyman HuEE
Swamp:2 Roxanne
Depths:2 1 runed translucent door


Innate Abilities, Weirdness & Mutations

You cannot wear most types of armour.
You are amphibious.
You can wear up to eight rings at the same time.
Your skin changes colour to match your surroundings (Stealth+).
Your rubbery body absorbs attacks. (AC +1, EV +1)
((You are camouflaged when in or above water. (Stealth+)))
You have tentacles for arms and can constrict up to eight enemies at once.
You sometimes lose your temper in combat.
You are very frail. (-20% HP)
You are strong-willed. (Will+)
You have hidden genetic potential.
Potions are less effective at restoring your health.
You are vulnerable to cold. (rC-)
Your spells are a little easier to cast, but a little less powerful.


Message History

You feel clever all of a sudden.
Casting: Ozocubu's Armour (safe; 0% risk of failure)
Confirm with . or Enter, or press ? or * to list all spells.
Okay, then.
Unknown command.
Press: ? - help, v - describe, . - travel
Here: a demonspawn black sun, wielding a +0 demon blade and wearing a +0 leather armour The floor.
Casting: Ozocubu's Armour (safe; 0% risk of failure)
Confirm with . or Enter, or press ? or * to list all spells.
You feel a surge of power!
The heat is drained from your surroundings.
Zaob Cio resists.
Zaob Cio is lightly wounded.
The Brimstone Fiend is frozen!
The Brimstone Fiend is heavily wounded.
You hit Zaob Cio.
Your weapon exudes an aura of protection.
You squeeze Zaob Cio!!
Zaob Cio is lightly wounded.
You block Zaob Cio's attack.
Casting: Ozocubu's Refrigeration (dangerous; 2% risk of failure)
Confirm with . or Enter, or press ? or * to list all spells.
You feel a surge of power!
The heat is drained from your surroundings.
Zaob Cio resists.
Zaob Cio is lightly wounded.
The Brimstone Fiend is frozen!
The Brimstone Fiend is heavily wounded.
You block Zaob Cio's attack.
The Brimstone Fiend calls on the powers of darkness!
Your body is wracked with pain!
* * * LOW HITPOINT WARNING * * *
The demonspawn black sun mumbles some strange prayers to Kikubaaqudgha against you.
The bolt of negative energy hits Zaob Cio.
Zaob Cio completely resists.
The bolt of negative energy misses you.
Your system partially rejects the healing.
You feel much better. Zaob Cio trunk-slaps you!!
You die...
Your body crumbles into a pile of gold.

▓▓ ▓▓▓▓▓.▓▓▓▓▓
▓.........▓▓
...........▓▓
............▓
∩?..........▓▓
>|1.6.&@..∩..▓
∩$..........▓▓
............▓
...........▓▓
▓.........▓▓
▓▓▓▓▓.▓▓▓▓▓ ▓▓


You could see Zaob Cio, a Brimstone Fiend and a demonspawn black sun.

Vanquished Creatures
  the Royal Jelly (Slime:5)
  2 dread liches
  6 orbs of fire
  5 ancient liches
  A juggernaut (Depths:3)
  Vv (Zot:2)
  Frederick (Vaults:4)
  8 Killer Klowns
  5 curse toes
  Geryon (Hell)
  The ghost of Tourr the Warrior, a veteran HuIE of Zin (Depths:2)
  Nikola (Swamp:3)
  10 golden dragons
  the Enchantress (Depths:1)
  4 bone dragons
  Arachne (Spider:3)
  3 electric golems
  A hellephant (Hell)
  3 doom hounds
  12 tentacled monstrosities
  Zenata (Vaults:2)
  3 deep elf blademasters (Elf:3)
  Mlioglotl (Swamp:3)
  25 Orb Guardians
  5 liches
  7 quicksilver dragons
  2 walking earthen tomes
  A quicksilver dragon (shapeshifter) (Zot:3)
  A searing wretch (Zig:3)
  A deep elf master archer (Elf:3)
  23 acid blobs
  6 titans
  Frances (Elf:1)
  8 sphinxes
  10 death cobs
  5 ancient champions
  A thorn hunter (Swamp:2)
  16 shadow dragons
  9 azure jellies
  10 tengu reavers
  20 storm dragons
  9 rockslimes
  4 emperor scorpions
  6 draconian monks
  4 iron dragons
  3 frost giants
  6 draconian scorchers
  18 vault wardens
  12 draconian knights
  6 fire giants
  An emperor scorpion (shapeshifter) (Zot:3)
  7 ghost moths
  5 balrugs
  8 draconian shifters
  2 deep elf elementalists (Elf:3)
  A ghoul (Crypt:1)
  8 deep elf sorcerers
  5 spriggan defenders
  6 draconian stormcallers
  3 draconian annihilators
  17 ironbound preservers
  2 orc warlords
  11 very ugly things
  4 reapers
  2 caustic shrike skeletons
  A cacodemon (Hell)
  A juggernaut skeleton (Crypt:2)
  9 formless jellyfish
  14 quicksilver oozes
  8 war gargoyles
  9 ironbound thunderhulks
  7 broodmothers
  4 vampire knights
  12 green draconians
  9 stone giants
  A lorocyproca (Zot:3)
  An elemental wellspring (Hell)
  5 eleionomae
  A black draconian (shapeshifter) (Zot:3)
  An eleionoma (shapeshifter) (Vaults:5)
  A wendigo (Hell)
  14 white draconians
  12 dire elephants
  2 bunyips
  7 black draconians
  A yellow draconian (shapeshifter) (Zot:3)
  13 deep elf annihilators
  12 yellow draconians
  An eidolon (Crypt:2)
  5 deep elf demonologists (Elf:3)
  A white draconian (shapeshifter) (Zot:3)
  12 red draconians
  10 spark wasps
  14 purple draconians
  28 ettins
  A spark wasp (shapeshifter) (D:14)
  4 deep elf death magi
  A merfolk impaler (Depths:3)
  6 crystal guardians
  A blizzard demon (Hell)
  7 fire dragons
  Josephine (Lair:4)
  A merfolk javelineer (Depths:3)
  8 entropy weavers
  A spriggan zombie (Hell)
  9 great orbs of eyes
  15 deep elf high priests
  10 jiangshi
  7 ice dragons
  38 vault guards
  A quicksilver dragon skeleton (Crypt:1)
  14 yaktaur captains
  3 peacekeepers
  2 rakshasas
  5 ghost crabs
  A juggernaut simulacrum (Depths:2)
  6 catoblepae
  5 spriggan air magi
  8 hydras
  A bennu zombie (Crypt:2)
  11 ogre magi
  19 centaur warriors
  4 death knights
  A radroach (Spider:3)
  10 ironbound frosthearts
  11 boulder beetles
  3 jorogumos
  3 spriggan skeletons
  9 alligators
  6 deep troll shamans
  5 titan zombies
  25 two-headed ogres
  A hell hog (Zig:3)
  9 tengu warriors
  13 deep troll earth magi
  7 vampire magi
  34 dancing weapons
  5 spriggan berserkers
  11 death yaks
  Urug (D:11)
  16 deep elf knights
  6 demonic crawlers
  10 sun demons
  A fire crab (shapeshifter) (Vaults:5)
  Sonja (D:11)
  7 iron trolls
  Amaemon (Lair:2)
  15 hell knights
  A sun moth (Spider:4)
  3 soul eaters
  28 skeletal warriors
  3 goliath frogs
  11 pharaoh ants
  2 sixfirhies (Hell)
  4 flayed ghosts
  3 death drakes
  An anaconda zombie (Crypt:3)
  3 glowing orange brains
  A deep troll (shapeshifter) (Vaults:5)
  9 bog bodies
  3 spriggan druids
  An obsidian statue (IceCv)
  25 ironbound convokers
  14 orb spiders
  An orange crystal statue (Zot:5)
  30 deep trolls
  8 occultists
  A golden dragon skeleton (Crypt:1)
  5 spriggan simulacra
  2 orb spiders (shapeshifter)
  7 phantasmal warriors
  4 swamp dragons
  17 lindwurms
  16 deep elf archers
  17 necromancers
  4 harpies (Vaults:2)
  5 spectral hydras (Swamp:4)
  An iron giant skeleton (Crypt:1)
  8 orc knights
  An anaconda skeleton (Crypt:3)
  31 deep elf zephyrmancers
  8 steelbarb worms
  28 wolf spiders
  2 will-o-the-wisps (Swamp:1)
  37 ugly things
  50 deep elf pyromancers
  An orc sorcerer (D:15)
  4 stone giant zombies
  2 tengu skeletons
  5 manticores
  10 shining eyes
  A shadow dragon skeleton (Crypt:3)
  6 cyclopes (D:14)
  3 stone giant skeletons
  13 elephants
  An elephant (shapeshifter) (Vaults:5)
  A naga zombie (Crypt:3)
  4 black mambas
  19 vault sentinels
  15 moths of wrath
  An apocalypse crab (Zot:3)
  2 centaur zombies
  2 orange demons
  A water nymph (shapeshifter) (Vaults:5)
  An eye of devastation (shapeshifter) (Vaults:5)
  2 centaur skeletons
  A draconian skeleton (Crypt:1)
  2 eyes of devastation
  6 torpor snails
  2 gargoyles
  8 cane toads
  2 guardian serpents (Zot:3)
  8 rust devils
  4 rime drakes
  16 komodo dragons
  3 swamp worm zombies (Swamp:4)
  A bunyip simulacrum (Hell)
  Maggie (D:6)
  A dire elephant skeleton (Crypt:2)
  2 efreet (D:14)
  2 tengu conjurers
  15 freezing wraiths
  39 yaktaurs
  6 ice devils
  A golden dragon simulacrum (IceCv)
  3 harpy zombies
  11 trolls
  2 hydra zombies (Swamp:4)
  4 meliai
  A sea snake skeleton (Crypt:1)
  A merfolk (shapeshifter) (D:15)
  19 hornets
  18 tarantellas
  A polar bear (Lair:4)
  A harpy skeleton (Crypt:3)
  14 tyrant leeches
  22 blink frogs
  4 raiju (Zot:3)
  A shadow dragon simulacrum (Hell)
  2 spectral swamp dragons (Swamp:4)
  An ettin zombie (Crypt:3)
  3 glass eyes (Slime:4)
  2 fire dragon zombies
  Sigmund (D:6)
  34 laughing skulls (Crypt:3)
  6 air elementals
  6 alligator zombies (Swamp:4)
  100 slime creatures
  4 dream sheep (Lair:4)
  A spriggan (shapeshifter) (D:14)
  19 jumping spiders
  32 spriggans
  A fire dragon skeleton (Crypt:2)
  3 centaur simulacra
  An ettin skeleton (Crypt:3)
  2 vampires
  24 culicivoras
  2 dire elephant simulacra (IceCv)
  5 wyverns
  73 yaks
  9 wraiths
  2 fire elementals (Elf:1)
  7 basilisks
  7 water elementals
  A black mamba skeleton (Crypt:2)
  15 golden eyes
  2 minotaur simulacra (IceCv)
  50 redbacks
  A slime creature zombie (Crypt:1)
  A human simulacrum (Vaults:4)
  2 wargs
  14 vampire mosquitoes
  17 swamp worms
  9 water moccasins
  2 acid dragons
  2 harpy simulacra (IceCv)
  A glass eye (shapeshifter) (D:14)
  A human skeleton (Vaults:4)
  A sky beast (D:8)
  8 swamp drakes
  10 orc warriors
  5 swamp dragon zombies (Swamp:4)
  2 ettin simulacra (Hell)
  3 black bears
  An alligator simulacrum (IceCv)
  A fire dragon simulacrum (Hell)
  26 ogres
  2 ice beasts
  13 centaurs
  6 boggarts
  21 wolves
  5 phantoms
  4 kobold brigands
  A human zombie (Vaults:4)
  21 bullfrogs
  2 deep troll simulacra (IceCv)
  2 necrophages (Crypt:3)
  3 earth elementals
  14 wights
  A glowing shapeshifter simulacrum (Depths:1)
  3 scorpions
  A yak zombie (Crypt:1)
  39 killer bees
  5 howler monkeys
  2 electric eels
  A crimson imp (D:10)
  21 jellies
  A gnoll bouda (D:10)
  7 orc priests
  5 hounds
  Crazy Yiuf (D:6)
  2 iguanas
  An iron imp (D:10)
  20 orc wizards
  A spectral swamp drake (Swamp:4)
  Terence (D:2)
  A naga skeleton (Crypt:2)
  Robin (D:2)
  10 gnolls
  A steam dragon zombie (Crypt:2)
  17 adders
  A swamp drake zombie (Crypt:2)
  A shadow imp (D:10)
  2 white imps
  An iguana zombie (Crypt:2)
  An adder skeleton (Crypt:1)
  3 worms (D:4)
  5 dart slugs
  58 orcs
  8 ball pythons
  8 endoplasms
  6 giant cockroaches
  10 goblins
  14 hobgoblins
  2 jackals (D:5)
  2 quokkas
  4 bats
  3 frilled lizards
  A goblin skeleton (Crypt:1)
  A hobgoblin zombie (Crypt:2)
  35 kobolds
  5 rats
  A butterfly (Zot:3)
  2 fire vortices (Hell)
2634 creatures vanquished.

Vanquished Creatures (collateral kills)
  A tentacled monstrosity (Zot:1)
  A rockslime (Slime:5)
  A red draconian (Depths:2)
  A fire dragon (Depths:2)
  A cyclops (D:11)
5 creatures vanquished.

Vanquished Creatures (others)
  A red draconian (Zot:1)
  A purple draconian (Zot:4)
  A two-headed ogre (D:14)
  A deep troll earth mage (Depths:1)
  A deep elf knight (Elf:3)
  A swamp dragon (Swamp:3)
  A spriggan simulacrum (Hell)
  A deep elf pyromancer (D:14)
  A manticore (D:14)
  A tengu conjurer (D:14)
  2 bloated husks
  A troll (D:14)
  A water elemental (Elf:1)
  An acid dragon (Zot:4)
  A swamp drake (D:10)
  An orc (D:10)
  19 foxfires (Swamp:1)
36 creatures vanquished.

Grand Total: 2675 creatures vanquished

Notes
Turn   | Place    | Note
-------+----------+-------------------------------------------
     0 | D:5      | Esekla the Octopode Delver began the quest for the Orb.
     0 | D:5      | Reached XP level 1. HP: 16/16 MP: 1/1
     2 | D:5      | Noticed a hound
    59 | D:5      | Noticed a hound
    97 | D:5      | Found Culata's Tremendous Tomes.
   139 | D:5      | Noticed a hound
   145 | D:5      | Reached XP level 2. HP: 14/21 MP: 2/2
   231 | D:5      | Found a staircase to the Ecumenical Temple.
   240 | Temple   | Entered the Ecumenical Temple
   249 | Temple   | Became a worshipper of Gozag Ym Sagoz the Greedy
   356 | D:4      | Reached XP level 3. HP: 26/26 MP: 3/3
   797 | D:2      | Reached skill level 1 in Air Magic
   797 | D:2      | Reached XP level 4. HP: 31/31 MP: 5/5
   896 | D:3      | Found a white marble altar of Elyvilon.
  1184 | D:1      | Reached skill level 1 in Alchemy
  1397 | D:2      | Learned a level 2 spell: Searing Ray
  1505 | D:4      | Reached skill level 1 in Spellcasting
  1505 | D:4      | Reached XP level 5. HP: 29/36 MP: 0/6
  2158 | D:2      | Noticed Terence
  2163 | D:2      | Killed Terence
  2228 | D:2      | Noticed Robin
  2247 | D:2      | Killed Robin
  2248 | D:2      | Reached XP level 6. HP: 24/42 MP: 7/7
  2326 | D:2      | Identified the +3 whip of Weull {spect, rElec Will+ SInv}
  3096 | D:4      | Found a sparkling altar of Nemelex Xobeh.
  3449 | D:4      | Found a runed translucent gate.
  3449 | D:4      | Found a runed translucent gate.
  3449 | D:4      | Found a runed translucent gate.
  3454 | D:4      | Noticed bchevrier's ghost (amateur GnWn)
  3454 | D:4      | Noticed DonkyDonker's ghost (amateur TrFi)
  3462 | D:4      | Noticed abessonov's ghost (amateur FoFi)
  3790 | D:5      | Reached skill level 1 in Conjurations
  3861 | D:5      | Reached skill level 1 in Shields
  3883 | D:4      | Reached XP level 7. HP: 47/47 MP: 9/9
  4590 | D:5      | Reached skill level 2 in Spellcasting
  5043 | D:5      | Reached XP level 8. HP: 39/54 MP: 11/11
  5703 | D:6      | Noticed Maggie
  5722 | D:6      | Killed Maggie
  5723 | D:6      | Reached skill level 1 in Short Blades
  5723 | D:6      | Reached skill level 1 in Throwing
  5753 | D:6      | Found a runed translucent gate.
  5754 | D:6      | Found a runed translucent gate.
  5754 | D:6      | Noticed a two-headed ogre
  5755 | D:6      | Found a runed translucent gate.
  5757 | D:6      | Noticed loir's ghost (novice MfGl)
  5779 | D:6      | Reached skill level 3 in Spellcasting
  5914 | D:6      | Noticed Sigmund
  5921 | D:6      | Killed Sigmund
  5922 | D:6      | Reached skill level 5 in Long Blades
  6027 | D:6      | Reached XP level 9. HP: 59/59 MP: 13/13
  6205 | D:6      | Found a stormy altar of Qazlal.
  6699 | D:6      | Found a runed translucent door.
  6700 | D:6      | Noticed Crazy Yiuf
  6708 | D:6      | Killed Crazy Yiuf
  6711 | D:6      | Identified the +6 hammer of Conscience {drain, Will+ Str+5
                  | Int+3}
  7553 | D:7      | Learned a level 3 spell: Ozocubu's Armour
  7568 | D:7      | Found Zin's Purification Station.
  7658 | D:7      | Reached skill level 5 in Fighting
  7827 | D:5      | Bought Zeysichuo's Grimoire of Intoxication and
                  | Transfiguration for 1350 gold pieces
  7830 | D:5      | Learned a level 2 spell: Mercury Vapours
  7834 | D:5      | Learned a level 4 spell: Ignite Poison
  7839 | D:5      | Learned a level 4 spell: Olgreb's Toxic Radiance
  7917 | D:7      | Found Hllot's Humungous Hoard.
  8352 | D:7      | Found a glowing silver altar of Zin.
  8428 | D:8      | Identified the +4 chain mail "Diher" {Harm rCorr Dex-5
                  | Stlth+}
  8544 | D:7      | Reached skill level 1 in Fire Magic
  8707 | D:8      | Reached skill level 1 in Ice Magic
  8774 | D:8      | Found a staircase to the Lair.
  8791 | D:8      | Reached skill level 4 in Spellcasting
  8834 | D:8      | Reached skill level 1 in Transmutations
  8834 | D:8      | Reached XP level 10. HP: 66/66 MP: 16/16
  9545 | D:7      | Bought a +2 hat for 192 gold pieces
  9566 | D:9      | Found Mirapohi's Magic Scroll Boutique.
  9579 | D:9      | Reached skill level 5 in Alchemy
  9769 | D:9      | Found a hide-covered altar of Uskayaw.
  9832 | D:9      | Bought a scroll of identify for 28 gold pieces
  9832 | D:9      | Bought a scroll of identify for 28 gold pieces
  9832 | D:9      | Bought a scroll of identify for 28 gold pieces
  9832 | D:9      | Bought a scroll of enchant weapon for 105 gold pieces
  9832 | D:9      | Bought a scroll of identify for 28 gold pieces
  9861 | D:9      | Reached skill level 5 in Dodging
 10120 | D:9      | Identified 2 scrolls of acquirement
 10133 | D:9      | Found a glowing golden altar of the Shining One.
 10139 | D:9      | Found a blossoming altar of Fedhas.
 10150 | D:9      | Reached XP level 11. HP: 51/72 MP: 11/18
 10332 | D:9      | Noticed a two-headed ogre
 10485 | D:9      | Found an ancient bone altar of Kikubaaqudgha.
 10605 | D:9      | Killed a two-headed ogre
 10606 | D:9      | Reached skill level 5 in Spellcasting
 10661 | D:9      | Upgraded the game from 0.31-a0-145-g046c7d2549 to
                  | 0.31-a0-149-g3fdcc5976a
 10681 | D:10     | Entered Level 10 of the Dungeon
 10758 | D:10     | Reached skill level 1 in Earth Magic
 10976 | D:10     | Found a staircase to the Orcish Mines.
 11667 | D:10     | Noticed a deep elf zephyrmancer
 11740 | D:10     | Noticed a deep elf pyromancer
 11920 | D:10     | Killed a deep elf pyromancer
 11920 | D:10     | Killed a deep elf zephyrmancer
 11921 | D:10     | Reached skill level 6 in Spellcasting
 12015 | D:10     | Identified the +0 hat of the Desert {rF+}
 12028 | D:10     | Learned a level 3 spell: Mephitic Cloud
 12223 | Orc:1    | Entered Level 1 of the Orcish Mines
 12225 | Orc:1    | Found Giumotz's Jewellery Emporium.
 12285 | Orc:1    | Found Penuyg's Armour Shoppe.
 12293 | Orc:1    | Noticed a two-headed ogre
 12302 | Orc:1    | Found Neant's Distillery.
 12307 | Orc:1    | Found Kujul's Jewellery Emporium.
 12445 | Orc:1    | Killed a two-headed ogre
 12858 | Orc:1    | Bought an amulet of the Raven {RegenMP rC+ Regen+} for 704
                  | gold pieces
 12881 | Orc:1    | Found Laxzuodgh's Assorted Antiques.
 12891 | Orc:1    | Bought a scroll labelled XICIMN OGOU for 24 gold pieces
 12891 | Orc:1    | Bought a yellow potion for 21 gold pieces
 12891 | Orc:1    | Bought a yellow potion for 21 gold pieces
 12891 | Orc:1    | Bought a golden potion for 21 gold pieces
 12891 | Orc:1    | Bought a coral ring for 120 gold pieces
 12891 | Orc:1    | Bought a scroll of identify for 48 gold pieces
 13077 | Lair:1   | Entered Level 1 of the Lair of Beasts
 13252 | Lair:1   | Identified the +0 leather armour of Beyond {rPois rC- Str+3
                  | Stlth+}
 13269 | Lair:1   | Learned a level 3 spell: Fugue of the Fallen
 13290 | Lair:1   | Reached XP level 12. HP: 80/80 MP: 21/21
 13347 | Lair:1   | Found a large runed translucent door.
 13348 | Lair:1   | Found a large runed translucent door.
 13353 | Lair:1   | Noticed MrSquiggles's ghost (journeyman HuEE)
 13801 | Lair:2   | Reached skill level 7 in Spellcasting
 13807 | Lair:2   | Noticed a five-headed hydra
 13808 | Lair:2   | Reached skill level 10 in Stealth
 14110 | Lair:2   | Reached skill level 5 in Transmutations
 14180 | Lair:2   | Noticed Amaemon
 14190 | Lair:2   | Killed Amaemon
 14455 | Lair:2   | Noticed a seven-headed hydra
 14489 | Lair:2   | Killed a seven-headed hydra
 14903 | Lair:2   | Killed a five-headed hydra
 14918 | Lair:2   | Reached XP level 13. HP: 76/86 MP: 24/24
 14964 | Lair:2   | Reached skill level 8 in Spellcasting
 15284 | Lair:2   | Found a staircase to the Swamp.
 15419 | Lair:2   | Reached skill level 5 in Ice Magic
 16104 | Lair:3   | Found a hole to the Spider Nest.
 16895 | D:7      | Bought a potion of heal wounds for 60 gold pieces
 16967 | Orc:1    | Bought a potion of heal wounds for 60 gold pieces
 16967 | Orc:1    | Bought a potion of heal wounds for 60 gold pieces
 16967 | Orc:1    | Bought a potion of heal wounds for 60 gold pieces
 16967 | Orc:1    | Bought a potion of enlightenment for 60 gold pieces
 16976 | Orc:2    | Entered Level 2 of the Orcish Mines
 17057 | Orc:2    | Reached skill level 9 in Spellcasting
 17062 | Orc:2    | Reached skill level 5 in Earth Magic
 17123 | Orc:2    | Reached XP level 14. HP: 95/95 MP: 23/27
 17129 | Orc:2    | Reached skill level 10 in Dodging
 17145 | Orc:2    | Reached skill level 5 in Fire Magic
 17361 | Orc:2    | Found Vauthyas's Jewellery Emporium.
 17361 | Orc:2    | Found Wafrasme's Book Boutique.
 17373 | Orc:2    | Found Akoal's Armour Shop.
 17373 | Orc:2    | Found Jemaent's Weapon Emporium.
 17549 | Orc:2    | Found a staircase to the Elven Halls.
 18041 | Orc:2    | Bought the ring "Ocsecos" {rElec rPois MP+9 Dex+3 Stlth-}
                  | for 809 gold pieces
 18257 | Lair:4   | Reached skill level 10 in Spellcasting
 18434 | Lair:4   | Reached skill level 10 in Long Blades
 18748 | Lair:4   | Found a viscous altar of Jiyva.
 18748 | Lair:4   | Found a staircase to the Slime Pits.
 18851 | Lair:4   | Noticed Josephine
 18862 | Lair:4   | Killed Josephine
 19359 | Lair:5   | Entered Level 5 of the Lair of Beasts
 19658 | Lair:5   | Reached XP level 15. HP: 101/101 MP: 29/29
 19663 | Lair:5   | Learned a level 4 spell: Airstrike
 19670 | Lair:5   | Learned a level 7 spell: Statue Form
 19675 | Lair:5   | Learned a level 4 spell: Summon Lightning Spire
 19757 | Lair:5   | Reached skill level 11 in Spellcasting
 20300 | Lair:5   | Reached skill level 1 in Summonings
 20682 | D:8      | Bought a ring of the Octopus King {rC+ HP+2 AC+2 EV+2 SH+2}
                  | for 1105 gold pieces
 20682 | D:8      | Found the ring of the Octopus King {rC+ HP+2 AC+2 EV+2
                  | SH+2}
 20683 | D:8      | Acquired a +4 ring of slaying
 20705 | D:8      | Acquired 818 gold pieces
 20707 | D:8      | Bought the ring of Veciac Aneri {rF+ rC+ Int+6} for 1026
                  | gold pieces
 20856 | D:11     | Noticed Urug
 20874 | D:11     | Killed Urug
 21076 | D:11     | Noticed Sonja
 21080 | D:11     | Killed Sonja
 21170 | D:11     | Found a runed translucent door.
 21170 | D:11     | Noticed Valamore's ghost (journeyman MiWr)
 21471 | D:12     | Found Byschep's Assorted Antiques.
 21489 | D:12     | Bought a wavering golden ring for 95 gold pieces
 21489 | D:12     | Identified the ring "Basoicunk" {rF+ rC- rN+ Dex+9} (You
                  | bought it in a shop on level 12 of the Dungeon)
 21633 | D:12     | Found Ummoirue's Assorted Antiques.
 21639 | D:12     | Bought a scratched glass ring for 150 gold pieces
 21810 | D:12     | Found Benturgh's General Store.
 21865 | D:12     | Found Bopsyb's Antique Armour Shoppe.
 21974 | D:12     | Found Ugey's Jewellery Boutique.
 22079 | D:12     | Learned a level 4 spell: Vhi's Electric Charge
 22265 | D:12     | Learned a level 2 spell: Scorch
 22506 | D:13     | Reached skill level 12 in Spellcasting
 22776 | D:8      | Bought the ring "Qesaruup" {rF+ rC- rCorr Int+5} for 739
                  | gold pieces
 23219 | D:14     | Reached skill level 10 in Alchemy
 23299 | D:14     | Reached skill level 10 in Fighting
 23361 | D:14     | Found a gate to the Vaults.
 23550 | D:14     | Reached XP level 16. HP: 109/109 MP: 31/32
 23562 | D:14     | Noticed a storm dragon
 23566 | D:14     | Reached skill level 5 in Air Magic
 23574 | D:14     | Killed a storm dragon
 23582 | D:14     | Noticed a sphinx
 23599 | D:14     | Killed a sphinx
 23612 | D:14     | Reached skill level 5 in Shields
 23632 | D:14     | Noticed an azure jelly
 23634 | D:14     | an azure jelly changed into an emperor scorpion
 24799 | Orc:2    | Bought a ring of see invisible for 210 gold pieces
 24878 | D:15     | Entered Level 15 of the Dungeon
 24895 | D:15     | Reached skill level 13 in Spellcasting
 24966 | D:15     | Found a staircase to the Depths.
 25057 | D:15     | Found a frozen archway.
 25227 | D:15     | Reached XP level 17. HP: 116/116 MP: 28/34
 25266 | D:15     | Bought a runed scimitar for 189 gold pieces
 25278 | IceCv    | Entered an ice cave
 25442 | IceCv    | Identified the +0 pair of gloves of the Distant Future
                  | {rPois Int+3}
 25923 | D:15     | Found an opulent altar of Gozag.
 26203 | D:15     | Upgraded the game from 0.31-a0-149-g3fdcc5976a to
                  | 0.31-a0-152-g6aa68a64a1
 26378 | Spider:1 | Entered Level 1 of the Spider Nest
 26411 | Spider:1 | Reached skill level 1 in Translocations
 28345 | Spider:2 | Reached skill level 14 in Spellcasting
 28736 | Spider:3 | Reached XP level 18. HP: 124/124 MP: 36/36
 29007 | Spider:3 | Learned a level 2 spell: Blink
 29153 | Spider:3 | Noticed Arachne
 29350 | Spider:3 | Killed Arachne
 29479 | Spider:4 | Entered Level 4 of the Spider Nest
 30955 | Spider:4 | Got a gossamer rune of Zot
 31245 | Orc:2    | Bought a manual of Dodging for 880 gold pieces
 31380 | Swamp:1  | Entered Level 1 of the Swamp
 31648 | Swamp:1  | Learned a level 4 spell: Sticky Flame
 32325 | Swamp:2  | Identified Roxanne's Compilation of Shapes
 32325 | Swamp:2  | Noticed Roxanne
 32429 | Swamp:2  | Reached skill level 10 in Earth Magic
 32569 | Swamp:2  | Reached skill level 15 in Dodging
 32957 | Swamp:2  | Reached XP level 19. HP: 62/131 MP: 37/37
 33142 | Swamp:3  | Noticed Mlioglotl
 33177 | Swamp:3  | Noticed an ancient lich
 33177 | Swamp:3  | Killed Mlioglotl
 33285 | Swamp:3  | Noticed Nikola
 33436 | Swamp:3  | Reached skill level 15 in Spellcasting
 33567 | Swamp:3  | Killed Nikola
 33770 | Swamp:3  | Upgraded the game from 0.31-a0-152-g6aa68a64a1 to
                  | 0.31-a0-164-g2312942fda
 33797 | Swamp:4  | Entered Level 4 of the Swamp
 33987 | Swamp:4  | Identified the +7 falchion "Wonix" {spect, Drain rElec rC+}
 34457 | Swamp:4  | Acquired 758 gold pieces
 35025 | Swamp:4  | Noticed a bone dragon
 35047 | Swamp:4  | Killed a bone dragon
 35067 | Swamp:4  | Got a decaying rune of Zot
 35403 | Vaults:1 | Entered Level 1 of the Vaults
 35990 | Vaults:1 | Identified the amulet of Vehumet's Hope {Faith Harm Regen+
                  | Str-5 Slay-3}
 36457 | Vaults:2 | Noticed Zenata
 36460 | Vaults:2 | Killed Zenata
 36481 | Vaults:2 | Reached XP level 20. HP: 133/138 MP: 39/39
 36519 | Vaults:2 | Learned a level 7 spell: Ozocubu's Refrigeration
 36699 | Vaults:2 | Found Teythrula's Jewellery Shop.
 36777 | Vaults:2 | Acquired a +1 buckler of reflection
 37859 | Vaults:3 | Reached skill level 16 in Spellcasting
 37946 | Vaults:3 | Identified the +5 hand axe of Prudence {antimagic, *Slow
                  | rElec rN+++ Will+}
 38159 | Vaults:3 | Found a staircase to the Crypt.
 38441 | Vaults:3 | Reached XP level 21. HP: 139/145 MP: 36/41
 39328 | Vaults:4 | Found Ahoitz's Weapon Boutique.
 39696 | Vaults:4 | Noticed Frederick
 39703 | Vaults:4 | Killed Frederick
 40018 | Elf:1    | Entered Level 1 of the Elven Halls
 40175 | Elf:1    | Noticed Frances
 40186 | Elf:1    | Killed Frances
 40274 | Elf:1    | Reached skill level 10 in Transmutations
 40425 | Elf:1    | Reached skill level 17 in Spellcasting
 40466 | Elf:1    | Reached skill level 10 in Ice Magic
 40525 | Elf:1    | Got Sif Muna's Encyclopedia of Arcane Weapons
 41145 | Elf:2    | Paralysed by an air elemental for 1 turns
 41246 | Elf:2    | Reached XP level 22. HP: 153/153 MP: 43/43
 41313 | Elf:2    | Found a runed translucent gate.
 41313 | Elf:2    | Found a runed translucent gate.
 41313 | Elf:2    | Found a runed translucent gate.
 41445 | Elf:2    | Paralysed by an air elemental for 1 turns
 42310 | Elf:3    | Entered Level 3 of the Elven Halls
 42420 | Elf:3    | Identified the +2 rapier "Qaurgh" {antimagic, *Rage Str+4}
 42647 | Elf:3    | Found Zosuar's Book Shoppe.
 43376 | Elf:3    | Reached skill level 18 in Spellcasting
 43432 | Elf:3    | Identified the +12 giant spiked club of Esteemy {heavy,
                  | rF++ Will+}
 43475 | Elf:3    | Identified the +0 shortbow "Engityt" {flame, rPois Int+4}
 43488 | Elf:3    | Learned a level 1 spell: Apportation
 43493 | Elf:3    | Identified the staff of cold "Xaafonad" {Fly rC+ rCorr
                  | Stlth+}
 43499 | Elf:3    | Identified the +1 spear of Truncation {drain, rCorr Str+5}
 43502 | Elf:3    | Identified the +3 great sword of Toiph {spect, rN++ Dex+5
                  | Stlth+}
 43510 | Elf:3    | Identified the +1 shortbow of Taunaah {heavy, rElec rC+
                  | Will+ Dex+2}
 43572 | Elf:3    | Learned a level 8 spell: Maxwell's Capacitive Coupling
 43861 | Crypt:1  | Entered Level 1 of the Crypt
 43862 | Crypt:1  | Upgraded the game from 0.31-a0-164-g2312942fda to
                  | 0.31-a0-182-gc5ef74bbde
 44022 | Crypt:1  | Reached skill level 10 in Air Magic
 44559 | Crypt:1  | Upgraded the game from 0.31-a0-182-gc5ef74bbde to
                  | 0.31-a0-187-gba352fbbf7
 44877 | Crypt:2  | Reached XP level 23. HP: 160/160 MP: 45/45
 45681 | Crypt:3  | Entered Level 3 of the Crypt
 46548 | Crypt:3  | Noticed an ancient lich
 47014 | Crypt:3  | Found a staircase to the Tomb.
 47021 | Crypt:3  | Got the Opusculum on the Crypt
 47073 | Crypt:3  | Found an ancient bone altar of Kikubaaqudgha.
 47093 | Crypt:3  | Killed an ancient lich
 47383 | Vaults:5 | Entered Level 5 of the Vaults
 47389 | Vaults:5 | Reached skill level 19 in Spellcasting
 47389 | Vaults:5 | Reached skill level 1 in Necromancy
 47636 | Vaults:5 | Reached XP level 24. HP: 166/166 MP: 40/46
 47659 | Vaults:5 | Identified the ring of Weyn {Fly rC+ rN+}
 47832 | Vaults:5 | Noticed a dread lich
 47855 | Vaults:5 | Paralysed by a dread lich for 4 turns
 47861 | Vaults:5 | Killed a dread lich
 48169 | Vaults:5 | Got the Catalogue of the Arenous Autopsy
 48213 | Vaults:5 | Reached skill level 5 in Translocations
 48317 | Vaults:5 | Identified the ring "Wairghon" {rC+ Will+ AC+4 Slay+2}
 48499 | Vaults:5 | Reached skill level 20 in Spellcasting
 48543 | Vaults:5 | Got a silver rune of Zot
 48968 | Vaults:5 | Identified the ring of Tuaz {Ice rPois Dex+3}
 48968 | Vaults:5 | Identified the +3 eveningstar of the Spinneret {freeze,
                  | Int+3}
 48983 | Vaults:5 | Reached skill level 5 in Conjurations
 48987 | Vaults:5 | Reached skill level 5 in Necromancy
 49007 | Vaults:5 | Noticed an ancient lich
 49027 | Vaults:5 | Killed an ancient lich
 49079 | Vaults:5 | Identified the +4 hand axe of Decaipn {freeze, Will++
                  | Dex+3}
 49848 | D:5      | Bought the Handbook of Posthumous Hoarfrost for 1290 gold
                  | pieces
 49852 | D:5      | Learned a level 3 spell: Vampiric Draining
 50019 | Depths:1 | Entered Level 1 of the Depths
 50066 | Depths:1 | Found a gateway to Hell.
 50097 | Depths:1 | Found Quom's Magic Scroll Emporium.
 50097 | Depths:1 | Found Naamn's Weapon Shoppe.
 50102 | Depths:1 | Found Yced Uxt's Book Emporium.
 50111 | Depths:1 | Bought a scroll of acquirement for 676 gold pieces
 50122 | Depths:1 | Acquired the +1 hat "Ummyse" {+Blink rF+}
 50236 | Depths:1 | Found a shimmering blue altar of Sif Muna.
 50327 | Depths:1 | Noticed the Enchantress
 50335 | Depths:1 | Killed the Enchantress
 50512 | Depths:1 | Reached XP level 25. HP: 171/171 MP: 47/47
 50628 | Depths:1 | Found a white marble altar of Elyvilon.
 51114 | D:14     | Reduced skill Shapeshifting to level 10
 51114 | D:14     | Upgraded the game from 0.31-a0-187-gba352fbbf7 to
                  | 0.31-a0-664-g902f515a81
 51114 | D:14     | Upgraded the game from 0.31-a0-664-g902f515a81 to
                  | 0.31-a0-667-g39726597b9
 51114 | D:14     | Upgraded the game from 0.31-a0-667-g39726597b9 to
                  | 0.31-a0-986-g5e6e4ef867
 51118 | D:14     | Learned a level 3 spell: Ozocubu's Armour
 51287 | Slime:1  | Entered Level 1 of the Pits of Slime
 52457 | Slime:3  | Gained mutation: You do not regenerate when monsters are
                  | visible. [a shining eye]
 52556 | Slime:2  | Paralysed by a formless jellyfish for 1 turns
 52703 | Slime:3  | Gained mutation: You are vulnerable to heat. (rF-) [a
                  | shining eye]
 52934 | Slime:3  | Reached skill level 21 in Spellcasting
 53236 | Slime:3  | Upgraded the game from 0.31-a0-986-g5e6e4ef867 to
                  | 0.31-a0-1308-ga3cce3a448
 53408 | Swamp:2  | Lost mutation: You do not regenerate when monsters are
                  | visible. [potion of mutation]
 53408 | Swamp:2  | Lost mutation: You are vulnerable to heat. (rF-) [potion of
                  | mutation]
 53408 | Swamp:2  | Gained mutation: You are dopey. (Int -2) [potion of
                  | mutation]
 53408 | Swamp:2  | Gained mutation: You are robust. (+10% HP) [potion of
                  | mutation]
 53409 | Swamp:2  | Lost mutation: You are dopey. (Int -2) [potion of mutation]
 53409 | Swamp:2  | Lost mutation: You are robust. (+10% HP) [potion of
                  | mutation]
 53409 | Swamp:2  | Gained mutation: Your muscles are strong. (Str +4, Int/Dex
                  | -1) [potion of mutation]
 53409 | Swamp:2  | Gained mutation: You are vulnerable to heat. (rF-) [potion
                  | of mutation]
 53409 | Swamp:2  | Gained mutation: You expend magic power (3 MP) to
                  | strengthen your wands. [potion of mutation]
 53628 | Depths:1 | Bought a scroll of enchant weapon for 97 gold pieces
 53638 | Depths:1 | Learned a level 4 spell: Iskenderun's Mystic Blast
 53658 | Depths:2 | Found a runed translucent door.
 53658 | Depths:2 | Found a runed translucent door.
 53675 | Depths:2 | Found Egovo's Tiny Tomes.
 53786 | Depths:2 | Noticed an ancient lich
 53787 | Depths:2 | Noticed Tourr's ghost (veteran HuIE)
 54079 | Depths:2 | Found a one-way gate leading to the halls of Pandemonium.
 54772 | Depths:2 | Reached skill level 15 in Transmutations
 54772 | Depths:2 | Upgraded the game from 0.31-a0-1308-ga3cce3a448 to
                  | 0.31-a0-1321-g5021b54cb2
 54801 | Depths:2 | Identified the staff "Wouneopt" {+Blink rElec Dex+5 Air}
 54901 | Depths:2 | Identified the +5 ring mail of Restlessness {rF- Will+
                  | Dex+2 SInv}
 55034 | Depths:2 | Learned a level 4 spell: Dispel Undead
 55191 | Depths:2 | Killed an ancient lich
 55210 | Depths:2 | Killed Tourr's ghost
 55308 | Depths:2 | Identified the +2 buckler of Cheibriados, Nurturing {rElec
                  | Regen+ Str+3}
 55311 | Depths:2 | Identified the ring "Vumol" {Fire rCorr Str+6 Int-4}
 55662 | Depths:3 | Found a one-way gateway to a ziggurat.
 56252 | Depths:3 | Reached XP level 26. HP: 179/179 MP: 39/48
 56409 | Depths:3 | Noticed a juggernaut
 56420 | Depths:3 | Killed a juggernaut
 56424 | Depths:3 | Reached skill level 22 in Spellcasting
 56548 | Depths:3 | Identified the +10 broad axe of Objectivity {flame, rN+
                  | Int+2 Dex+2}
 56552 | Depths:3 | Identified the +1 long sword of Dishonour {speed, Str+3}
 56555 | Depths:3 | Identified the +8 great sword of the Well-Known Youths
                  | {venom, rElec Int+3 Dex+3}
 57138 | Depths:3 | Found a one-way gate to the infinite horrors of the Abyss.
 57265 | D:15     | Upgraded the game from 0.31-a0-1321-g5021b54cb2 to
                  | 0.31-a0-1338-gb567cfdca4
 57505 | Slime:4  | Gained mutation: Your spells are a little easier to cast,
                  | but a little less powerful. [a shining eye]
 57627 | Swamp:2  | Lost mutation: You are vulnerable to heat. (rF-) [potion of
                  | mutation]
 57627 | Swamp:2  | Lost mutation: Your muscles are strong. (Str +4, Int/Dex
                  | -1) [potion of mutation]
 57627 | Swamp:2  | Gained mutation: A frigid envelope surrounds you and
                  | freezes all who hurt you. [potion of mutation]
 57627 | Swamp:2  | Gained mutation: You have an increased reservoir of magic.
                  | (+10% MP) [potion of mutation]
 57627 | Swamp:2  | Gained mutation: You sometimes lose your temper in combat.
                  | [potion of mutation]
 57627 | Swamp:2  | Gained mutation: One of your tentacles bears a spike.
                  | [potion of mutation]
 57628 | Swamp:2  | Lost mutation: One of your tentacles bears a spike. [potion
                  | of mutation]
 57628 | Swamp:2  | Lost mutation: You sometimes lose your temper in combat.
                  | [potion of mutation]
 57628 | Swamp:2  | Gained mutation: You have supernaturally acute eyesight.
                  | (SInv) [potion of mutation]
 57628 | Swamp:2  | Gained mutation: You are robust. (+10% HP) [potion of
                  | mutation]
 57849 | Elf:1    | Lost mutation: You have supernaturally acute eyesight.
                  | (SInv) [potion of mutation]
 57849 | Elf:1    | Lost mutation: A frigid envelope surrounds you and freezes
                  | all who hurt you. [potion of mutation]
 57849 | Elf:1    | Lost mutation: You have an increased reservoir of magic.
                  | (+10% MP) [potion of mutation]
 57849 | Elf:1    | Gained mutation: Your mind is acute. (Int +4, Str/Dex -1)
                  | [potion of mutation]
 57849 | Elf:1    | Gained mutation: You are vulnerable to cold. (rC-) [potion
                  | of mutation]
 58854 | Slime:5  | Entered Level 5 of the Pits of Slime
 58854 | Slime:5  | Found the +5 Lochaber axe {reach-cleave, Poleaxe ^Drain}
 59010 | Slime:5  | Noticed the Royal Jelly
 59198 | Slime:5  | Killed the Royal Jelly
 59461 | Slime:5  | Gained mutation: You sometimes lose your temper in combat.
                  | [a shining eye]
 59602 | Slime:5  | Identified the +4 mace of Regicide {flame, *Rage rN+}
 61059 | Slime:5  | Got Sif Muna's Codex of the Warped Crucible
 61161 | Slime:5  | Got the Writings on Geomancy
 61163 | Slime:5  | Got a slimy rune of Zot
 61175 | Slime:5  | Identified the +7 flail of Mafoicuv {heavy, rPois Str-5
                  | Dex+2}
 61192 | Slime:5  | Gained mutation: Your body sometimes deteriorates upon
                  | taking damage. [a shining eye]
 61193 | Slime:5  | Lost mutation: You are robust. (+10% HP) [a shining eye]
 61254 | Slime:5  | Identified the +1 leather armour of Kyinequr {rElec rF-
                  | rC+++ Str+3}
 61916 | D:15     | Bought a scroll of enchant weapon for 135 gold pieces
 61938 | D:15     | Bought the ring of Sikkaun {rPois rC- Str+6 Int+4 Slay+5}
                  | for 1044 gold pieces
 62015 | Depths:4 | Entered Level 4 of the Depths
 62050 | Depths:4 | Found a radiant altar of Vehumet.
 62271 | Depths:4 | Found a blossoming altar of Fedhas.
 62671 | Depths:4 | Found a gate to the Realm of Zot.
 63730 | Zot:1    | Entered Level 1 of the Realm of Zot
 63825 | Depths:4 | Upgraded the game from 0.31-a0-1338-gb567cfdca4 to
                  | 0.31-a0-1370-gf52a5a9ab3
 64136 | Zot:1    | Noticed an orb of fire
 64164 | Zot:1    | Killed an orb of fire
 64165 | Zot:1    | Reached skill level 23 in Spellcasting
 64282 | Zot:1    | Reached XP level 27. HP: 167/181 MP: 49/50
 64767 | Zot:1    | Identified the +0 robe of Vexation {rN+ rCorr Archmagi}
 65231 | Zot:2    | Noticed Vv
 65271 | Zot:2    | Reached skill level 10 in Shields
 65455 | Zot:2    | Killed Vv
 65456 | Zot:2    | Reached skill level 10 in Necromancy
 65594 | Zot:2    | Noticed an orb of fire
 65628 | Zot:2    | Killed an orb of fire
 65823 | Zot:2    | Found a stormy altar of Qazlal.
 66465 | Zot:3    | You fall into a shaft and drop 1 floor!
 66536 | Zot:3    | Lost mutation: You sometimes lose your temper in combat.
                  | [potion of mutation]
 66536 | Zot:3    | Lost mutation: Your spells are a little easier to cast, but
                  | a little less powerful. [potion of mutation]
 66536 | Zot:3    | Lost mutation: You expend magic power (3 MP) to strengthen
                  | your wands. [potion of mutation]
 66536 | Zot:3    | Gained mutation: One of your tentacles bears a spike.
                  | [potion of mutation]
 67440 | Zot:3    | Found a hide-covered altar of Uskayaw.
 67799 | Zot:4    | Reached skill level 24 in Spellcasting
 68195 | Zot:4    | Reached skill level 10 in Fire Magic
 68483 | Zot:4    | Reached skill level 15 in Air Magic
 68799 | Zot:4    | Found a white marble altar of Elyvilon.
 68799 | Zot:4    | Found a glowing golden altar of the Shining One.
 68813 | Zot:4    | Found a glowing silver altar of Zin.
 69842 | Zot:4    | Upgraded the game from 0.31-a0-1370-gf52a5a9ab3 to
                  | 0.31-a0-1388-g4b2ba238e7
 69853 | Zot:5    | Entered Level 5 of the Realm of Zot
 70591 | Zot:5    | Noticed a dread lich
 70784 | Zot:5    | Noticed an orb of fire
 70785 | Zot:5    | Gained mutation: Your magical capacity is low. (-10% MP)
                  | [an orb of fire]
 70789 | Zot:5    | Killed an orb of fire
 70845 | Zot:5    | Killed a dread lich
 70894 | Zot:3    | Lost mutation: Your magical capacity is low. (-10% MP)
                  | [potion of mutation]
 70894 | Zot:3    | Lost mutation: Your body sometimes deteriorates upon taking
                  | damage. [potion of mutation]
 70894 | Zot:3    | Lost mutation: One of your tentacles bears a spike. [potion
                  | of mutation]
 70894 | Zot:3    | Gained mutation: Your spells are a little easier to cast,
                  | but a little less powerful. [potion of mutation]
 70894 | Zot:3    | Lost mutation: Your spells are a little easier to cast, but
                  | a little less powerful. [potion of mutation]
 70894 | Zot:3    | Gained mutation: Potions are less effective at restoring
                  | your health. [potion of mutation]
 70894 | Zot:3    | Gained mutation: You are strong-willed. (Will+) [potion of
                  | mutation]
 71001 | Zot:5    | Noticed an orb of fire
 71006 | Zot:5    | Killed an orb of fire
 71032 | Zot:5    | Noticed an ancient lich
 71100 | Zot:5    | Killed an ancient lich
 71149 | Zot:5    | Noticed an ancient lich
 71161 | Zot:5    | Killed an ancient lich
 71221 | Zot:5    | Reached skill level 25 in Spellcasting
 71266 | Zot:5    | Noticed an orb of fire
 71275 | Zot:5    | Killed an orb of fire
 71456 | Zot:5    | Noticed an orb of fire
 71474 | Zot:5    | Killed an orb of fire
 71943 | Zot:5    | Reached skill level 1 in Evocations
 72005 | Zot:5    | Learned a level 8 spell: Ignition
 72209 | Hell     | Entered the Vestibule of Hell
 72209 | Hell     | Noticed Geryon
 72397 | Hell     | Killed Geryon
 72822 | Hell     | Lost mutation: Your mind is acute. (Int +4, Str/Dex -1)
                  | [mutagenic glow]
 72828 | Hell     | Gained mutation: You have hidden genetic potential. [a
                  | cacodemon]
 72829 | Hell     | Gained mutation: You are frail. (-10% HP) [a cacodemon]
 72832 | Hell     | Gained mutation: You sometimes lose your temper in combat.
                  | [mutagenic glow]
 72864 | Depths:4 | Gained mutation: You are weak. (Str -2) [mutagenic glow]
 72875 | Depths:4 | Lost mutation: You are weak. (Str -2) [mutagenic glow]
 72934 | Depths:4 | Gained mutation: Your spells are a little easier to cast,
                  | but a little less powerful. [mutagenic glow]
 72944 | Depths:4 | Gained mutation: You are very frail. (-20% HP) [mutagenic
                  | glow]
 73014 | Hell     | Reached skill level 15 in Earth Magic
 73432 | Hell     | Found a gateway to the Iron City of Dis.
 73484 | Hell     | Found a gateway to the freezing wastes of Cocytus.
 73563 | Hell     | Paralysed by a wendigo for 1 turns
 73573 | Hell     | Paralysed by a wendigo for 1 turns
 73686 | Hell     | Found a gateway to the decaying netherworld of Tartarus.
 73779 | Hell     | Found a gateway to the ashen valley of Gehenna.
 73928 | Zig:1    | Entered Level 1 of a ziggurat
 73956 | Zig:2    | Entered Level 2 of a ziggurat
 73998 | Zig:2    | Identified the +1 lajatang "Meiqofra" {freeze, rElec rPois
                  | Str+2}
 74006 | Zig:3    | Entered Level 3 of a ziggurat
 74006 | Zig:3    | Found the +2 shield of Resistance {rF++ rC++ Will++}
 74023 | Zig:3    | Reached skill level 26 in Spellcasting
 74093 | Zig:4    | Entered Level 4 of a ziggurat
 74114 | Zig:4    | Noticed Zaob Cio the pandemonium lord
 74114 | Zig:4    | Found the +4 robe of Folly {Brill Will-∞ Int+8}
 74122 | Zig:4    | Slain by Zaob Cio the pandemonium lord

Illustrated notes

Levels and vault maps discovered:
D:1:      dpeg_arrival_court, layout_rooms
D:2:      layout_loops_ring, uniq_robin, uniq_terence
D:3:      layout_loops_cross, mainiacjoe_overflow_brackets
D:4:      minmay_evil_eye, layout_cave_pools, nemelex_diamond_rough_becter,
          gammafunk_ghost_cemetery
D:5:      layout_layer_cave, minmay_temple_entry_overgrown, amethyst_killhole,
          nicolae_shop_i_like_big_books, kennysheep_pointless_box
D:6:      layout_cave_pods, mainiacjoe_overflow_six_doors_small,
          gammafunk_ghost_split, uniq_maggie, uniq_crazy_yiuf_cottage,
          uniq_sigmund
D:7:      layout_rooms, zin_purify, nicolae_alphabet_shops
D:8:      layout_basic, lair_entry_dummy, minmay_manual_mandibuliform
D:9:      layout_rooms, mainiacjoe_overflow_large_starburst, lemuel_round_altar,
          nicolae_uskayaw_murder_on_the_dancefloor, serial_shops,
          nicolae_shop_pleasant_corner_grove
D:10:     layout_rooms, david_orc_3, hangedman_minor_magic
D:11:     layout_big_octagon, hellmonk_ghost_happy_afterlife, uniq_sonja,
          uniq_urug
D:12:     layout_loops_cross, serial_shops, shop, shop,
          nicolae_shop_advertising_works [nicolae_subvault_shop_adworks],
          nicolae_shop_tiny_statue_garden, shop
D:13:     layout_rooms
D:14:     nzn_winding_woodlands_huge [nzn_winding_woodlands_5x15_crooked,
          nzn_winding_woodlands_5x15_lazy_stream,
          nzn_winding_woodlands_5x15_garden,
          nzn_winding_woodlands_5x15_river_crossing,
          nzn_winding_woodlands_5x15_cabin,
          nzn_winding_woodlands_5x15_longhouse, nzn_winding_woodlands_5x15_pool,
          nzn_winding_woodlands_5x15_parted,
          nzn_winding_woodlands_5x15_sawtooth,
          nzn_winding_woodlands_5x15_sidewinder,
          nzn_winding_woodlands_center_garden,
          nzn_winding_woodlands_center_pierced_h,
          nzn_winding_woodlands_15x15_boxy_spiral], layout_basic,
          lightli_vaults_fourway_checkpoint, kennysheep_small_square
D:15:     hangedman_depths_entry_civil_slaughter, layout_long_grid,
          grunt_gozag_statues, portal_ice_cave_entry_ugly_swarm,
          chequers_serial_rivers_room_b
Temple:   nicolae_temple_bog_church
Lair:1:   layout_hall_layers, ebering_ghost_disaster_area
Lair:2:   wad_woods_minihive, layout_layer_cave, minmay_swamp_entry_worms,
          lemuel_fruit_tree, uniq_amaemon
Lair:3:   layout_small_grid, spider_nest_entry_a, grunt_megastairs_5
Lair:4:   minmay_lair_venomous_thicket, layout_regular_city,
          minmay_slime_entry_jelly_boxes, serial_bayou, serial_bayou_pond_b,
          serial_bayou_pond_d, serial_bayou_pond_c, serial_bayou_crossing,
          uniq_josephine
Lair:5:   grunt_lair_end_beastmaster, layout_long_grid, nzn_sisyphean_effort
Swamp:1:  layout_falls_marsh, nicolae_swamp_dense_foliage, swamp_pool2
Swamp:2:  layout_falls_marsh, infiniplex_staircase_pool,
          nicolae_swamp_fairy_circle, uniq_roxanne
Swamp:3:  layout_basic_swamp, hangedman_swamp_diagram, swamp_pool4, uniq_nikola,
          uniq_mlioglotl
Swamp:4:  swamp_pestilence, layout_basic_swamp
Spider:1: layout_spider_delve, drop_trap, nicolae_spider_eight_legs
Spider:2: layout_chambers, hangedman_spider_trapstep
Spider:3: layout_cave_pods, hangedman_spider_tarantella_strand, uniq_arachne
Spider:4: hellmonk_spider_rune_endless_swarm
Slime:1:  layout_caves
Slime:2:  layout_caves
Slime:3:  layout_caves, nicolae_slime_welcoming_committee
Slime:4:  layout_caves, nicolae_slime_round_cave
Slime:5:  slime_pit_nicolae_jellycorners
Orc:1:    layout_caves, serial_shops, nicolae_shop_rolling_square, shop, shop,
          shop, shop, nicolae_orc_lava_tube
Orc:2:    st_orc_ogre_mass, layout_caves
Elf:1:    eino_elf_arrival_the_gate, layout_gridlike, minmay_elf_sorcery,
          minivault_19, hex_medium, uniq_frances
Elf:2:    nicolae_elf_blades_crystal_corner, layout_gridlike
Elf:3:    minmay_elf_hall_quartered_circle, layout_geoelf_octagon, serial_shops,
          nicolae_shop_mannequins, billiards_dpeg
Vaults:1: nicolae_vaults_sealed_display, nicolae_vaults_tetromino_T_2,
          grunt_vaults_twisty, nicolae_vaults_closet_pinwheel_3,
          nicolae_vaults_ring_of_whatevers, v_pattern_2, v_misc_29,
          v_alt_pattern_1, v_misc_8, nicolae_vaults_specimen_jars, v_rooms_5,
          nicolae_vaults_shipping_containers_7, layout_vaults_omnibox
Vaults:2: nicolae_vaults_stairing_the_circle, v_misc_2,
          nicolae_vaults_closet_pinwheel_6, v_pattern_5,
          nicolae_vaults_rhombus_6, vaults_room_fancy_cross,
          hangedman_vaults_restitches, ontoclasm_vaults_chip,
          layout_vaults_omnicross, serial_shops, nicolae_shop_behind_doors,
          uniq_zenata
Vaults:3: dpeg_vaults_monster_box, nicolae_vaults_steering_wheel,
          nicolae_vaults_little_squares_1, nicolae_vaults_big_ls,
          vaults_room_ringed_pool, minmay_crypt_entry_nasty_monster,
          nicolae_vaults_sesquioval_fish, v_pattern_4,
          nicolae_vaults_stepped_doors, nicolae_vaults_diffraction_hallways,
          layout_vaults_ring
Vaults:4: vaults_room_fours, nicolae_vaults_circle_grid_b,
          nicolae_vaults_border_crossing, nicolae_vaults_storage_closets_1,
          nicolae_vaults_layer_cake_slice, serial_ice_m,
          nicolae_vaults_yaktaur_gun_rack, vaults_mumra_lcd,
          vaults_room_hallway, nicolae_vaults_trapezoid_2,
          layout_vaults_big_room, serial_shops, shop, uniq_frederick
Vaults:5
Crypt:1:  layout_regular_city, grunt_crypt_arrival_split
Crypt:2:  layout_chaotic_city, roderic_lattice_octagonal_star,
          grunt_megastairs_1
Crypt:3:  cryptofortress_bobbens
Depths:1: kennysheep_big_flooded_room, layout_gridville, hell_entry,
          lemuel_crystal_altar, elyvilon_altar_3, minmay_shop_star,
          serial_bayou_shore_a, uniq_enchantress
Depths:2: gold_lair_mu, layout_gridville, pan_entry,
          muffindrake_ghost_dual_entry, hell_entry,
          nicolae_shop_i_like_small_books_too, hangedman_abyss_or_decor_stabs,
          minmay_staircase_bubble
Depths:3: giant_chief_lemuel, layout_basic, enter_ziggurat_c,
          abyss_entry_crystal, fountainhead, grunt_hell_entry_dis_grunt,
          infiniplex_staircase_river, serial_bayou_shore_b
Depths:4: grunt_twist_and_shout, layout_honeycomb,
          pf_vacation_house_of_asmodeus, fedhas_altar_3,
          nicolae_vehumet_altar_sigil
Hell
Zot:1:    layout_gridlike, skrybe_zot_glass_2, hangedman_zot_decor_tridents,
          grunt_ministairs_5, nicolae_tricolors
Zot:2:    layout_misc_corridors, regret_index_zotdec_icy_dp, st_stairs_4,
          uniq_vv
Zot:3:    hangedman_orp_of_zott, layout_gridlike, hangedman_zot_decor_scrapings
Zot:4:    layout_cathedral_of_symmetry, regret_index_zotdec_alabaster_prism,
          st_large_dragon_hoard_4
Zot:5:    layout_twisted_circle, lemuel_baited_zot_trap
Zig:4

Skill      XL: |  1  2  3  4  5  6  7  8  9 10 11 12 13 14 15 16 17 18 19 20 21 22 23 24 25 26 27 |
---------------+----------------------------------------------------------------------------------+-----
Stealth        | 7 8 9 10 | 10.0
Air Magic      | 1 2 3 4 5 6 7 8 9 10 11 12 13 14 15 | 15.4
Alchemy        | 1 2 3 4 5 6 7 8 9 10 11 12 13 14 18 19 | 19.6
Spellcasting   | 1 2 3 4 6 7 9 10 12 13 14 15 16 17 18 19 20 21 23 26 | 26.0
Long Blades    | 3 4 5 6 7 8 9 10 11 12 13 14 | 14.5
Conjurations   | 1 3 4 5 6 |  6.7
Shields        | 1 2 3 4 5 6 7 8 9 10 | 10.3
Dodging        | 3 4 5 7 8 9 11 12 14 15 16 17 18 19 20 | 20.2
Fighting       | 4 5 6 7 8 9 10 11 12 13 14 | 14.7
Short Blades   | 1 2 3 |  3.0
Throwing       | 1 2 3 |  3.7
Fire Magic     | 2 3 4 5 6 7 8 9 10 | 10.5
Ice Magic      | 1 2 3 4 5 6 7 8 9 10 11 12 | 12.6
Transmutations | 1 3 4 5 6 7 8 9 10 11 15 |  0.0
Earth Magic    | 2 3 5 6 7 8 9 10 11 12 15 | 15.1
Summonings     | 3 4 |  4.3
Translocations | 2 4 5 6 |  6.3
Necromancy     | 2 5 7 9 11 | 11.4
Shapeshifting  | 10 | 10.2
Evocations     | 1 |  1.0

Action                     |  1- 3 |  4- 6 |  7- 9 | 10-12 | 13-15 | 16-18 | 19-21 | 22-24 | 25-27 || total
---------------------------+-------+-------+-------+-------+-------+-------+-------+-------+-------++-------
  Melee: Falchion          |    26 |   128 |   122 |   147 |   220 |   432 |   376 |   397 |    49 ||  1897
         Tentacles         |     5 |    36 |    42 |    58 |    81 |   164 |   176 |   262 |   430 ||  1254
         Constrict         |     8 |    38 |    39 |    47 |    39 |    67 |    72 |   127 |   106 ||   543
         Punch             |     3 |     2 |     1 |     5 |     6 |     7 |     8 |    16 |    35 ||    83
         Dagger            |       |    26 |    34 |    62 |    60 |    50 |    37 |    26 |    53 ||   348
         Long sword        |       |       |    16 |       |       |     3 |    78 |   290 |   856 ||  1243
         Scimitar          |       |       |       |       |       |     4 |    26 |     5 |    12 ||    47
         Kick              |       |       |       |       |       |       |       |       |   142 ||   142
  Throw: Javelin           |       |     3 |    19 |     7 |     9 |       |       |       |       ||    38
         Boomerang         |       |       |       |       |    34 |    13 |     9 |    12 |    75 ||   143
         Dart              |       |       |       |       |     2 |     3 |       |       |    18 ||    23
   Cast: Searing Ray       |       |     3 |    15 |     8 |     5 |     2 |       |       |     9 ||    42
         Mercury Vapours   |       |       |     4 |    66 |   110 |   121 |   106 |   110 |   182 ||   699
         Olgreb's Toxic Ra |       |       |     2 |    36 |    69 |    56 |    72 |    41 |    95 ||   371
         Ignite Poison     |       |       |     2 |    41 |    86 |   114 |   109 |   104 |   191 ||   647
         Ozocubu's Armour  |       |       |     2 |    31 |    37 |       |       |       |   171 ||   241
         Mephitic Cloud    |       |       |       |     8 |    11 |    27 |    15 |    28 |    34 ||   123
         Fugue of the Fall |       |       |       |     6 |    31 |    39 |    42 |    37 |    44 ||   199
         Statue Form       |       |       |       |       |    10 |    53 |    63 |    62 |     4 ||   192
         Summon Lightning  |       |       |       |       |     2 |     5 |       |       |     9 ||    16
         Airstrike         |       |       |       |       |     2 |     1 |       |       |    30 ||    33
         Vhi's Electric Ch |       |       |       |       |       |     4 |       |     2 |       ||     6
         Scorch            |       |       |       |       |       |     5 |       |       |     9 ||    14
         Sticky Flame      |       |       |       |       |       |     8 |    54 |   118 |   212 ||   392
         Blink             |       |       |       |       |       |       |     2 |     2 |    45 ||    49
         Ozocubu's Refrige |       |       |       |       |       |       |     1 |    12 |   117 ||   130
         Apportation       |       |       |       |       |       |       |       |   106 |   229 ||   335
         Vampiric Draining |       |       |       |       |       |       |       |       |   109 ||   109
         Dispel Undead     |       |       |       |       |       |       |       |       |    40 ||    40
         Iskenderun's Myst |       |       |       |       |       |       |       |       |    24 ||    24
         Maxwell's Capacit |       |       |       |       |       |       |       |       |    41 ||    41
         Ignition          |       |       |       |       |       |       |       |       |     8 ||     8
 Invoke: Call Merchant     |       |       |       |       |     3 |     1 |     2 |     2 |     9 ||    17
  Evoke: Wand              |       |       |     3 |       |     1 |     6 |       |       |    13 ||    23
    Use: Scroll            |     2 |       |    10 |     6 |    10 |     9 |     8 |     2 |    10 ||    57
         Potion            |       |     1 |     2 |     1 |     3 |       |     2 |     5 |    22 ||    36
   Stab: Sleeping          |     6 |    23 |    12 |     9 |    32 |    19 |    27 |    18 |    24 ||   170
         Distracted        |       |       |       |     2 |     1 |     8 |     8 |    13 |    15 ||    47
         Confused          |       |       |       |       |     2 |     2 |     5 |     3 |       ||    12
 Armour: Skin              |     2 |     4 |     6 |    35 |    55 |   328 |   275 |   312 |  1053 ||  2070
  Dodge: Dodged            |    12 |    91 |   125 |   247 |   386 |   927 |  1049 |  1065 |  1789 ||  5691
  Block: Buckler           |       |    13 |    36 |    67 |    95 |   390 |   551 |   646 |   915 ||  2713
         Reflection        |       |       |       |       |       |       |    28 |    18 |     4 ||    50
         Kite shield       |       |       |       |       |       |       |       |       |     2 ||     2

Table legend: (Time is in decaauts)
 A = Elapsed time spent in this place.
 B = Non-inter-level travel time spent in this place.
 C = Inter-level travel time spent in this place.
 D = Time resting spent in this place.
 E = Time spent auto-exploring this place.
 F = Levels seen in this place.
 G = Mean time per level.
                   A        B        C        D        E       F      G
               +--------+--------+--------+--------+--------+-----+--------+
         Total |  78758 |  70675 |   8083 |  12395 |  17695 |  62 | 1270.3 |
       Dungeon |  19533 |  16428 |   3105 |   3590 |   4883 |  15 | 1302.2 |
        Temple |     16 |      9 |      7 |      0 |      0 |   1 |   16.0 |
          Lair |   7404 |   5831 |   1573 |   1146 |   1658 |   5 | 1480.8 |
         Swamp |   4299 |   3788 |    511 |    179 |    891 |   4 | 1074.8 |
   Spider Nest |   5524 |   5241 |    283 |    333 |   1435 |   4 | 1381.0 |
    Slime Pits |   5627 |   5283 |    344 |   1635 |   1326 |   5 | 1125.4 |
  Orcish Mines |   2144 |   1815 |    329 |    385 |    646 |   2 | 1072.0 |
   Elven Halls |   4341 |   4020 |    321 |    226 |    796 |   3 | 1447.0 |
        Vaults |   8112 |   7548 |    564 |    624 |   2253 |   5 | 1622.4 |
         Crypt |   4071 |   3867 |    204 |    173 |    413 |   3 | 1357.0 |
        Depths |   7642 |   7166 |    476 |   1863 |   1403 |   4 | 1910.5 |
          Hell |    827 |    806 |     21 |    205 |    240 |   1 |  827.0 |
           Zot |   8372 |   8031 |    341 |   1834 |   1750 |   5 | 1674.4 |
      Ziggurat |    184 |    184 |      0 |     81 |      0 |   4 |   46.0 |
      Ice Cave |    655 |    655 |      0 |    116 |      0 |   1 |  655.0 |
               +--------+--------+--------+--------+--------+-----+--------+

Top non-repeatable levels by time:
Depths:4: 2653 daAuts
   Zot:4: 2569 daAuts
  Lair:2: 2378 daAuts
 Slime:4: 2372 daAuts
     D:5: 2273 daAuts
    D:10: 1971 daAuts
   Zot:3: 1960 daAuts
Vaults:5: 1936 daAuts
 Crypt:3: 1786 daAuts
Depths:2: 1783 daAuts
Spider:4: 1772 daAuts
    D:14: 1771 daAuts
     D:6: 1722 daAuts
Vaults:4: 1722 daAuts
     D:8: 1665 daAuts
